Cogmind - Beta 14 @@@ ROGUE MODE // 2025.03.11 @ 20:37:52 Player: Lava Result: Destroyed by G-47 Trooper with Particle Gun Performance ------------- Evolutions (3) 1500 Regions Visited (6) 1200 Robots Destroyed (59) 295 Value Destroyed (1627) 1627 Prototype IDs (27) 540 Alien Tech Used (0) 0 Bonus (300) 300 TOTAL SCORE: 5462 Bonus ------- Aligned with FarCom 300 Cogmind --------- Core Integrity 0/700 Matter 164/300 Energy 60/100 System Corruption 9% Temperature Warm (125) Movement Walking (330) Ox3 Location -7/Factory Parts ------- > --- POWER (1) -------- (None) > --- PROPULSION (4) --- Aluminum Leg > --- UTILITY (5) ------ Large Storage Unit Signal Interpreter > --- WEAPON (3) ------- Advanced Beam Rifle Autogun Gauss Cannon > --- INVENTORY (15) --- Light Deuterium Engine Light Nuclear Core Medium Matter Pod (100) Seismic Detector Targeting Computer Cloak of Protection Arc Projector Mini Assault Cannon Grenade Launcher Rocket Launcher Heavy Mace Peak State ------------ > --- POWER ------------ Light Deuterium Engine > --- PROPULSION ------- Aluminum Leg Aluminum Leg VSS Leg > --- UTILITY ---------- Large Storage Unit Sensor Array Signal Interpreter Cloak of Protection Hacking Suite > --- WEAPON ----------- Autogun Slug Cannon Mini Assault Cannon > --- INVENTORY -------- Light Deuterium Engine Light Nuclear Core Light Treads Medium Matter Pod Seismic Detector Reaction Control System Arc Projector Advanced Beam Rifle Autogun Gauss Cannon Mini Assault Cannon Grenade Launcher Rocket Launcher Heavy Mace [Rating: 36] Favorites ----------- Power Ion Engine Engine Ion Engine Propulsion Light Treads Treads Light Treads Leg Aluminum Leg Utility Large Storage Unit Device Sensor Array Storage Large Storage Unit Processor Targeting Computer Hackware Hacking Suite Weapon Autogun Energy Gun Advanced Beam Rifle Ballistic Gun Autogun Ballistic Cannon Slug Cannon Impact Weapon Heavy Mace Build | -11 -10 -10 -10 -9 -8 -7 ------- Run | Yrd Mat Min Exi Min Mat Fac Slots Evolved 6 | . . . . . 4 2 Power . | . . . . . . . Propulsion 2 | . . . . . 2 . Utility 3 | . . . . . 2 1 Weapon 1 | . . . . . . 1 Parts Attached 66 | 6 7 1 1 7 23 21 Power 6 | 1 . . 1 . 2 2 Engine 6 | 1 . . 1 . 2 2 Core . | . . . . . . . Reactor . | . . . . . . . Propulsion 14 | 2 . . . 2 5 5 Treads 6 | 2 . . . 2 1 1 Leg 8 | . . . . . 4 4 Wheel . | . . . . . . . Hover . | . . . . . . . Flight . | . . . . . . . Utility 14 | 1 4 . . 4 2 3 Device 5 | . . . . 2 1 2 Storage 5 | 1 3 . . 1 . . Processor 3 | . 1 . . 1 1 . Hackware 1 | . . . . . . 1 Protection . | . . . . . . . Artifact . | . . . . . . . Weapon 32 | 2 3 1 . 1 14 11 Energy Gun 4 | . 1 . . . 1 2 Energy Cannon . | . . . . . . . Ballistic Gun 15 | 2 1 1 . . 8 3 Ballistic Cannon 5 | . . . . 1 1 3 Launcher . | . . . . . . . Special Weapon . | . . . . . . . Impact Weapon 8 | . 1 . . . 4 3 Slashing Weapon . | . . . . . . . Piercing Weapon . | . . . . . . . Special Melee Weapon . | . . . . . . . Unidentified Prototypes 4 | . 1 . . . 1 2 Parts Lost 23 | . 1 . . . 6 16 Power 3 | . . . . . 1 2 Propulsion 11 | . . . . . 3 8 Utility 4 | . . . . . . 4 Weapon 5 | . 1 . . . 2 2 Highest Loss Streak 10 | . 1 . . . 5 10 To Critical Strikes . | . . . . . . . Average Slot Usage (%) 91 | . 96 100 100 99 87 77 Engine 11 | . 14 14 14 14 8 5 Treads 18 | . 28 28 28 28 12 . Leg 6 | . . . . . 11 19 Device 3 | . . . . . 9 6 Storage 11 | . 14 14 14 14 9 7 Processor 13 | . 13 14 14 12 18 8 Hackware 1 | . . . . . . 6 Ballistic Gun 17 | . 25 27 28 18 12 5 Ballistic Cannon 3 | . . . . 9 2 9 Impact Weapon 1 | . . . . . 1 2 Peak Build Rating 36 | 6 10 11 11 20 27 36 Average Rating 14 | 3 7 10 11 12 17 26 On Entrance 11 | . 6 10 11 11 15 27 Naked Turns . | . . . . . . . Heaviest Build 42 | 13 30 31 31 33 35 42 Greatest Support 60 | 40 40 40 40 40 60 44 Greatest Overweight (x) 10 | 1 . . . . 1 10 Average Overweight (x) . | . . . . . . . Largest Inventory Capacity 25 | 8 25 15 15 15 15 15 Average Capacity 14 | 7 11 15 15 15 15 15 Most Carried 15 | 8 15 15 15 15 15 15 Average Carried 13 | 5 10 15 14 14 13 13 Final Capacity 15 | 8 15 15 15 15 15 15 Final Carried 15 | 6 15 15 15 15 15 11 Class Distribution -------------------- 61% | Mutant 26% | Scavenger-Skirmisher 6% | Scavenger-Assassin 4% | Skirmisher Dominant Class ---------------- Mutant | -10/Materials Mutant | -10/Mines Mutant | -10/Exiles Mutant | -9/Mines Scavenger-Skirmisher | -8/Materials Scavenger-Skirmisher | -7/Factory Resources | -11 -10 -10 -10 -9 -8 -7 ----------- Run | Yrd Mat Min Exi Min Mat Fac Matter Collected 1896 | 207 257 97 . 191 650 494 Remotely . | . . . . . . . Salvage Created 1838 | . 276 20 . 138 826 578 Parts 119 | . 23 2 . 10 51 33 Haulers Intercepted 1 | . . . . . . 1 Recyclers Shooed . | . . . . . . . Parts Field Recycled . | . . . . . . . Retrieved Matter . | . . . . . . . Parts Self-Destructed . | . . . . . . . Prevented . | . . . . . . . Kills | -11 -10 -10 -10 -9 -8 -7 ------- Run | Yrd Mat Min Exi Min Mat Fac Combat Hostiles Destroyed 38 | . 6 2 . 3 17 10 Melee 3 | . . . . . . 3 Guns 30 | . 6 2 . 3 15 4 Cannons 3 | . . . . . 2 1 Classes Destroyed 13 | . 4 . . . 3 6 Worker 8 | . 3 . . . 1 4 Builder 2 | . . . . . . 2 Tunneler 1 | . . . . . . 1 Hauler 1 | . . . . . . 1 Recycler 1 | . . . . . . 1 Mechanic 1 | . . . . . . 1 Operator 3 | . . . . . 2 1 Watcher 4 | . 3 . . . . 1 Swarmer 11 | . 3 2 . . 3 3 Grunt 20 | . 3 . . 3 8 6 Sentry 3 | . . . . . 3 . Specialist 3 | . . . . . 3 . Programmer 1 | . . . . . . 1 Best Kill Streak 4 | . 3 1 . 3 3 4 Combat Bots Only 3 | . 3 1 . 3 3 3 Max Kills in Single Turn 2 | . 1 1 . 1 1 2 Gunslinging . | . . . . . . . Exploded . | . . . . . . . Melee 1 | . . . . . . 1 Uniques/NPCs Destroyed . | . . . . . . . Combat | -11 -10 -10 -10 -9 -8 -7 -------- Run | Yrd Mat Min Exi Min Mat Fac Hostile Shots Fired 381 | . 59 10 . 11 124 177 Missed 101 | . 16 5 . 4 34 42 Damage Taken 4334 | . 497 43 . 93 1288 2413 Core 1037 | . 108 19 . . 207 703 Absorbed by Shields . | . . . . . . . Regen/Repaired (Parts) 40 | . . . . . . 40 Core Remaining (%) 70 | 100 . . . 49 62 . Volleys Fired 157 | . 42 6 . 6 66 37 Largest 3 | . 2 2 . 2 2 3 Hottest 144 | . 40 46 . 71 109 144 Shots Fired 310 | . 78 13 1 12 119 87 Gun 244 | . 78 13 1 11 109 32 Cannon 66 | . . . . 1 10 55 Launcher . | . . . . . . . Special . | . . . . . . . Kinetic 285 | . 78 13 1 12 103 78 Thermal 25 | . . . . . 16 9 Explosive . | . . . . . . . Electromagnetic . | . . . . . . . Robot Hit Streak 10 | . 10 2 . 3 9 5 Robot Miss Streak 6 | . 5 3 . 3 4 6 Penetration Max . | . . . . . . . Secondary Targets 6 | . 2 . . 2 2 . Max Gunslinging Chain 1 | . 1 . . 1 1 . Shots Hit Robots 187 | . 50 5 . 7 79 46 Core Hits 92 | . 20 2 . 5 38 27 Critical Kills 4 | . 1 . . . 1 2 Critical Parts Destroyed 3 | . 1 . . . . 2 Critical Strikes 9 | . 2 . . . 2 5 Burn 1 | . . . . . 1 . Destroy 4 | . 2 . . . 1 1 Blast 1 | . . . . . . 1 Smash 3 | . . . . . . 3 Melee Attacks 69 | . 3 . . . 18 48 Impact 69 | . 3 . . . 18 48 Slashing . | . . . . . . . Piercing . | . . . . . . . Sneak Attacks 3 | . . . . . . 3 Combat Hostiles . | . . . . . . . Follow-up Attacks . | . . . . . . . Damage Inflicted 3805 | . 541 66 . 124 1376 1698 Guns 2153 | . 541 66 . 107 1209 230 Cannons 896 | . . . . 17 167 712 Explosions . | . . . . . . . Melee 756 | . . . . . . 756 Ramming . | . . . . . . . Kinetic 2749 | . 541 66 . 124 1136 882 Thermal 300 | . . . . . 240 60 Explosive . | . . . . . . . Electromagnetic . | . . . . . . . Impact 756 | . . . . . . 756 Slashing . | . . . . . . . Piercing . | . . . . . . . Highest Corruption 9 | . 5 5 5 5 . 9 Average Corruption 5 | . 5 5 5 5 . 7 Corruption Purged . | . . . . . . . Corruption Blocked . | . . . . . . . Effects 92 | . 13 18 18 14 . 29 Message Errors 31 | . 6 4 5 2 . 14 Matter Fused 14 | . . 4 1 3 . 6 Heat Flow Errors 10 | . . 3 4 1 . 2 Energy Discharges 15 | . 2 5 3 4 . 1 Parts Rejected 1 | . . . . . . 1 Parts Fused 1 | . . . . 1 . . Data Loss (minor) 9 | . 2 1 1 2 . 3 Data Loss (major) 6 | . 1 . 3 1 . 1 Misfires 5 | . 2 1 1 . . 1 Overload Shots . | . . . . . . . Overflow Damage 200 | . . . . . . 200 Projectiles 8 | . . . . . . 8 Explosions . | . . . . . . . Melee 192 | . . . . . . 192 Knockbacks 14 | . . . . . 1 13 Impact 2 | . . . . . . 2 Kinetic 10 | . . . . . 1 9 Secondary 2 | . . . . . . 2 Self-Inflicted Damage . | . . . . . . . Shots . | . . . . . . . Rammed 1 | . . . . 1 . . Targets Rammed 1 | . . . . 1 . . Kicked . | . . . . . . . Crushed . | . . . . . . . Highest Temperature 675 | . 25 146 277 205 140 675 Average Temperature 124 | . 10 45 115 58 44 234 Received Heat Transfer 1767 | . 258 . . 69 567 873 Effects 24 | . . . . . . 24 Shutdowns 1 | . . . . . . 1 Energy Bleed 6 | . . . . . . 6 Matter Decay 3 | . . . . . . 3 Short Circuit 3 | . . . . . . 3 Damage (minor) 1 | . . . . . . 1 Damage (major) 9 | . . . . . . 9 Damage (core) 1 | . . . . . . 1 Siege Activations . | . . . . . . . Robots Corrupted 3 | . . . . . . 3 Combat Hostiles 2 | . . . . . . 2 Parts Fried 1 | . . . . . . 1 Impact Corruptions 10 | . . . . . . 10 Robots Melted . | . . . . . . . Combat Hostiles . | . . . . . . . Parts Melted 3 | . . . . . 2 1 Heat Transferred 629 | . . . . . 518 111 Parts Sabotaged . | . . . . . . . Parts Stolen . | . . . . . . . Parts Stripped . | . . . . . . . Power Chain Reactions . | . . . . . . . Alert | -11 -10 -10 -10 -9 -8 -7 ------- Run | Yrd Mat Min Exi Min Mat Fac Peak Influence 186 | . 128 80 . 75 167 186 Initial 70 | . . . . . . 70 Average 44 | . 29 28 . 39 47 73 Maximum Alert Level . | . . . . . . . Low Security (%) 100 | 100 100 100 . 100 100 100 Level 1 . | . . . . . . . Level 2 . | . . . . . . . Level 3 . | . . . . . . . Level 4 . | . . . . . . . Level 5 . | . . . . . . . High Security . | . . . . . . . Max Security . | . . . . . . . Squads Dispatched 13 | . . . . . 9 4 Investigation 2 | . . . . . 1 1 Extermination 1 | . . . . . . 1 Reinforcement 7 | . . . . . 6 1 Assault 1 | . . . . . 1 . Garrison 2 | . . . . . 1 1 Intercept . | . . . . . . . Searches Triggered . | . . . . . . . Construction Impeded . | . . . . . . . Haulers Reinforced . | . . . . . . . Active Scanning Responses . | . . . . . . . Cargo Convoy Interrupts . | . . . . . . . Stealth | -11 -10 -10 -10 -9 -8 -7 --------- Run | Yrd Mat Min Exi Min Mat Fac Distress Signals 1 | . 1 . . . . . Communications Jammed . | . . . . . . . Distress Signals . | . . . . . . . Times Spotted 63 | . 11 3 . 4 28 17 Peak Tracking Total 4 | . 3 2 . 2 3 4 Tactical Retreats 6 | . . 1 . . 4 1 Traps | -11 -10 -10 -10 -9 -8 -7 ------- Run | Yrd Mat Min Exi Min Mat Fac Traps Triggered . | . . . . . . . Indirectly . | . . . . . . . Trap Hack Attempts . | . . . . . . . Triggered . | . . . . . . . Disarmed . | . . . . . . . Reprogrammed . | . . . . . . . Reused . | . . . . . . . Traps Extracted . | . . . . . . . Installed . | . . . . . . . Triggered . | . . . . . . . Machines | -11 -10 -10 -10 -9 -8 -7 ---------- Run | Yrd Mat Min Exi Min Mat Fac Machines Disabled 2 | . . . . . . 2 Max in Single Turn 1 | . . . . . . 1 Garrison Access 1 | . . . . . 1 . Machines Repaired . | . . . . . . . Machines Dismantled . | . . . . . . . Machines Sabotaged . | . . . . . . . Overloaded Fab Kills . | . . . . . . . Hacking | -11 -10 -10 -10 -9 -8 -7 --------- Run | Yrd Mat Min Exi Min Mat Fac Machines Accessed 22 | . 6 . 4 1 5 6 Terminals 16 | . 6 . . 1 4 5 Fabricators . | . . . . . . . Repair Stations 1 | . . . . . . 1 Recycling Units . | . . . . . . . Scanalyzers 1 | . . . . . 1 . Garrison Access . | . . . . . . . Total Hacks 74 | . 10 . 41 3 10 10 Successful 64 | . 8 . 41 2 7 6 Failed 10 | . 2 . . 1 3 4 Catastrophic 1 | . 1 . . . . . Database Lockouts . | . . . . . . . Manual 7 | . 2 . 1 . 1 3 Terminals 28 | . 10 . . 3 7 8 Fabricators . | . . . . . . . Repair Stations 2 | . . . . . . 2 Recycling Units . | . . . . . . . Scanalyzers 3 | . . . . . 3 . Garrison Access . | . . . . . . . Terminal Hacks 59 | . 8 . 41 2 4 4 Record 42 | . . . 40 . 2 . Open DSF 1 | . . . . . . 1 Terminal Index 1 | . 1 . . . . . Alert Level 2 | . . . . 1 . 1 Locate Traps 2 | . . . . . 1 1 Disarm Traps 1 | . 1 . . . . . Dispatch Records 1 | . 1 . . . . . Maintenance Status 1 | . 1 . . . . . Patrol Status 1 | . 1 . . . . . Assault Status 1 | . . . . . 1 . Hauler Manifests 1 | . 1 . . . . . Registered Components 1 | . 1 . . . . . Zone Layout 3 | . 1 . . 1 . 1 Derelict Proto ID Bank 1 | . . . 1 . . . Fabricator Hacks . | . . . . . . . Repair Station Hacks 2 | . . . . . . 2 Scan Component 1 | . . . . . . 1 Repair 1 | . . . . . . 1 Recycling Unit Hacks . | . . . . . . . Scanalyzer 3 | . . . . . 3 . Insert Component 2 | . . . . . 2 . Analyze 1 | . . . . . 1 . Garrison Access Hacks . | . . . . . . . Unauthorized Hacks . | . . . . . . . Terminals . | . . . . . . . Fabricators . | . . . . . . . Repair Stations . | . . . . . . . Recycling Units . | . . . . . . . Scanalyzers . | . . . . . . . Garrison Access . | . . . . . . . Data Cores Recovered . | . . . . . . . Used . | . . . . . . . Hacking Detections 14 | . 3 . . 1 5 5 Full Trace Events 1 | . . . . . 1 . Feedback Events . | . . . . . . . Feedback Blocked . | . . . . . . . Robot Schematics Acquired . | . . . . . . . Robots Built . | . . . . . . . Authchips . | . . . . . . . Time . | . . . . . . . Total Robot Build Rating . | . . . . . . . Part Schematics Acquired 1 | . . . . . 1 . Parts Built . | . . . . . . . Authchips . | . . . . . . . Time . | . . . . . . . Total Part Build Rating . | . . . . . . . Parts Repaired 1 | . . . . . . 1 Time 38 | . . . . . . 38 Parts Recycled . | . . . . . . . Recycled Matter . | . . . . . . . Retrieved Matter . | . . . . . . . Retrieved Components . | . . . . . . . Parts Scanalyzed 1 | . . . . . 1 . Part Schematics Acquired 1 | . . . . . 1 . Parts Damaged . | . . . . . . . Bothacking | -11 -10 -10 -10 -9 -8 -7 ------------ Run | Yrd Mat Min Exi Min Mat Fac Used RIF Installer . | . . . . . . . Robots Hacked . | . . . . . . . Non-combat . | . . . . . . . Combat . | . . . . . . . Robot Hacks Applied . | . . . . . . . Relay Couplers Released 1 | . . . . . 1 . Machine Destruction 1 | . . . . . 1 . Fabnet Peak Effective % . | . . . . . . . Robots Rewired . | . . . . . . . Allies Hacked . | . . . . . . . Hacks Repelled . | . . . . . . . Allies | -11 -10 -10 -10 -9 -8 -7 -------- Run | Yrd Mat Min Exi Min Mat Fac Total Allies . | . . . . . . . Largest Group . | . . . . . . . Highest-Rated Group . | . . . . . . . Highest-Rated Ally . | . . . . . . . Total Orders . | . . . . . . . Ally Attacks . | . . . . . . . Total Damage . | . . . . . . . Kills . | . . . . . . . Allies Corrupted . | . . . . . . . Allies Melted . | . . . . . . . Intel | -11 -10 -10 -10 -9 -8 -7 ------- Run | Yrd Mat Min Exi Min Mat Fac Robot Analysis Total . | . . . . . . . Derelict Logs Recovered 1 | . . . . 1 . . Drone Launches . | . . . . . . . Drone Recoveries . | . . . . . . . Exploration | -11 -10 -10 -10 -9 -8 -7 ------------- Run | Yrd Mat Min Exi Min Mat Fac Turns Passed 5648 | 72 1235 669 491 740 1351 1090 Spaces Moved 2958 | 48 667 404 305 424 696 414 Core 25 | 22 . . . . . 3 Treads 2196 | 26 667 404 305 424 362 8 Legs 737 | . . . . . 334 403 Wheels . | . . . . . . . Hover . | . . . . . . . Flight . | . . . . . . . Fastest Speed 50 | 50 160 160 160 160 105 105 Average Speed 157 | 117 160 160 160 160 145 173 Slowest Speed 550 | 160 160 160 160 160 190 550 Overloaded Moves . | . . . . . . . Propulsion Burnouts . | . . . . . . . Robots Hopped . | . . . . . . . Cave-ins Triggered 1 | . . . . . . 1 Exploration Rate (%) 53 | 4 88 61 67 92 48 11 Regions Visited 6 Branch Regions 3 Pre-discovered Areas 2 | . . . 1 1 . . Known Exits Taken 1 | . . . . . 1 . Unknown Exits Taken 5 | 1 1 1 1 1 . . Scrap Searched 2 | . . . . 2 . . Spaces Dug 34 | . 3 . . . 11 20 Terrain Destroyed 44 | . 3 . . . 13 28 Melee 34 | . 3 . . . 11 20 Projectile 10 | . . . . . 2 8 AOE . | . . . . . . . Terrain Rammed . | . . . . . . . Walls Destroyed . | . . . . . . . Machines Disabled . | . . . . . . . Actions | -11 -10 -10 -10 -9 -8 -7 --------- Run | Yrd Mat Min Exi Min Mat Fac Total 3546 | 63 763 419 309 477 883 632 Wait 223 | . 24 5 . 30 63 101 Move 2952 | 47 666 403 304 423 695 414 Hop . | . . . . . . . Pick Up 56 | 10 15 2 2 3 14 10 Fast Attach 5 | 2 1 . . 2 . . Attach 29 | 4 2 . . 1 10 12 Detach 2 | . . . . 2 . . Swap 32 | . 4 1 1 4 13 9 Drop 20 | . 6 2 2 5 4 1 Fire 157 | . 42 6 . 6 66 37 Melee 69 | . 3 . . . 18 48 Ram . | . . . . . . . Kick . | . . . . . . . Crush 1 | . . . . 1 . . Escape Stasis . | . . . . . . . Rewire . | . . . . . . . Trap . | . . . . . . . Miscellaneous . | . . . . . . . Route ------- -11/Scrapyard -10/Materials (discovered 5 exits: [*Mat x3] / [*Min x2]) -10/Mines (discovered 3 exits: [*Mat x2] / *Exi) -10/Exiles (discovered 2 exits: *Min x2) -9/Mines (discovered 2 exits: *Mat x2) -8/Materials (discovered 2 exits: *Fac x2) -7/Factory (discovered 2 exits: *Fac x2) History --------- Turn | Location | Event 11 | -11/Scrapyard | Discovered new exit (range 15) 73 | -11/Scrapyard | Entered Materials 313 | -10/Materials | Build established: Mutant 412 | -10/Materials | Discovered new exit (range 8) 622 | -10/Materials | Discovered new exit (range 8) 807 | -10/Materials | Discovered new exit (range 16) 850 | -10/Materials | Discovered new exit (range 14) 1143 | -10/Materials | Discovered new exit (range 7) 1308 | -10/Materials | Entered Mines 1315 | -10/Mines | Met a Derelict bent on vengeance 1325 | -10/Mines | Received a Rocket Launcher from a helpful Derelict 1493 | -10/Mines | Discovered new exit (range 9) 1600 | -10/Mines | Discovered new exit (range 12) 1706 | -10/Mines | Discovered new exit (range 8) 1710 | -10/Mines | Core integrity fell below 50% 1966 | -10/Mines | Deemed a non-threat by the Exiles lab entrance 1977 | -10/Mines | Entered Exiles 2001 | -10/Exiles | Discovered new exit (range 15) 2021 | -10/Exiles | Met 8R-AWN 2048 | -10/Exiles | Met EX-HEX 2102 | -10/Exiles | Met EX-BIN 2125 | -10/Exiles | Aligned with FarCom system 2126 | -10/Exiles | Given EX-Vault access code 2163 | -10/Exiles | Opened EX-Vault 2252 | -10/Exiles | Found Cloak of Protection 2312 | -10/Exiles | Warned to stay clear of 0b10 Research branches 2361 | -10/Exiles | Met EX-DEC 2384 | -10/Exiles | Learned location of Zion (-6) 2448 | -10/Exiles | Discovered new exit (range 14) 2468 | -10/Exiles | Left Exiles lab with Cloak of Protection 2468 | -10/Exiles | Entered Mines 2492 | -9/Mines | Discovered new exit (range 15) 2703 | -9/Mines | A weapon hastily lodged in a ceiling crevice suddenly fell to the ground 3026 | -9/Mines | Discovered new exit (range 6) 3092 | -9/Mines | Joined a pair of Derelicts in attacking an 0b10 outpost 3208 | -9/Mines | Entered Materials 3208 | -8/Materials | Evolved 4 slots: Propulsion x2, Utility x2 3220 | -8/Materials | Garrison activated, responded to threat 3695 | -8/Materials | Met 7R-MNS 4025 | -8/Materials | Lost 5 parts (1p3n1w) 4288 | -8/Materials | Discovered new exit (range 4) 4411 | -8/Materials | Discovered new exit (range 11) 4515 | -8/Materials | Build established: Scavenger-Skirmisher 4558 | -8/Materials | Identified exit to Factory 4559 | -8/Materials | Entered Factory 4559 | -7/Factory | Evolved 2 slots: Utility x1, Weapon x1 4560 | -7/Factory | Caught up to 7R-MNS 4600 | -7/Factory | Identified exit to DSF 4716 | -7/Factory | Discovered new exit (range 9) 4725 | -7/Factory | Repaired Lgt. Deuterium Engine 4735 | -7/Factory | Identified exit to Factory 4787 | -7/Factory | Crushed by falling debris 4818 | -7/Factory | Lost 3 parts (2n1u) 4825 | -7/Factory | Discovered exit to Factory (range 6) 5350 | -7/Factory | Garrison activated, responded to threat 5362 | -7/Factory | Core integrity fell below 50% 5436 | -7/Factory | Core integrity fell below 20% 5445 | -7/Factory | Lost 10 parts (2p4n2u2w) 5649 | -7/Factory | Destroyed by G-47 Trooper with Particle Gun Last Messages --------------- U-05 Engineer builds a Wall. System corrupted: Matter fused (-10). System corrupted: Matter fused (-9). The unstable cave ceiling collapses. Sneak attack on K-01 Serf. Destroyed Lgt. Ion Engine. K-01 Serf system corrupted by crushing effect. K-01 Serf system terminally corrupted. K-01 Serf collects debris. Acquired 3 matter. The unstable cave ceiling collapses. K-01 Serf crushed by falling debris. K-01 Serf destroyed. K-01 Serf collects debris. U-05 Engineer builds a Wall. Q4 QGGYB24L:SAXKT65,3C FJV XMZX UC9 U-05 Engineer builds a Wall. Slug penetrates Wall. Matter Pump disabled. WQNPRV9GZGHO4WU5MZPAXALZG GBDJ NQRK Map ----- +----------------------------------------------------+ | ????????????????????????????????????????????? "" | | ?????????????????????????????????????????????# %% | | ????????????????????????????????############## % " | | ????????????????????????????????# "T" # %" | | ????????????????????????????????# # " | | ????????????????????????????????# "" "" # " | | ????????????????????????????????# "" "" # | | ????????????????????????????????# """ """ #[ % | | ????????????????????????????????# """ """ =%+! !! | | ????????????????????????????????# """ """ *#= | | ????????????????????????????????# #% | | ????????????????????????????????# # | | ????????????????????????????????#! # # | | ????????????????????????????????# [ # / | | ##########????????########??????# [ # # | | # #????????# #??????############## # | | # #????????# [ #??????# #??????????# # | | # #????????# #??????###??????????# # | | # #????????# #??????# #??????????#^^^# | | # #????????# #??????# #??????????# # | | # #????????# #??????###?????????## # | | # ########?####+###??????# #?????????# | | # ##"""""#??# #################### "" | | # ##"" F"#??# u T | | #######+###"" ""#### | | ????# @u | | ????# #######+############## ## | | ????# a u# "" #???????# #? | | ????# """ """ """ # """ ""S #???????# #? | | ????# """ """ """ #[ """ "" #???????# #? | | ####### """ """ ""% # """ #???????# ## | | # g # #??????## ## | | # ##################### # | | " """ + T + | | " """ #### ##"""T"""## ####################### # | | " """ #??# ########### # ###?????????????????##### | | #??# #?????????# ## #?????????????????????# | | ] #?? ?????????# ############??????????????? | | #?? ?????????# #?# #??????????????? | | #######?? < ??????### ### """ #??????????????? | | ????????? ??????# # "R #??????????????? | | ????????? ??????# # """ #??????????????? | | ?????????#+###?????# < + #??????????????? | | ???????????????????# # """ #??????????????? | | ???????????????????# # """ #??????????????? | | ???????????????????## % ## """ #??????????????? | | ??????????????? ????# ## #??????????????? | | ??????????????? ????# #######+###??????????????? | | ??????????????? #???# #?????# #????????????????? | | ??????????????? #???# #?????# #????????????????? | +----------------------------------------------------+ Best States ------------- Heat Dissipation 34 Energy Generation 14 Energy Capacity 250 Matter Stores 300 Matter Capacity 300 Sight Range 16 Robot Scan Range 14 Terrain Scan Density 10 Cloak Strength 5 Evasion (%) 55 Targeting Accuracy 6 Recoil Reduction 3 Offensive Hacking 10 Item Schematics ----------------- Slug Cannon | -8/Materials | Scanalyzed Robot Schematics ------------------ None Fabricated ------------ Nothing Alien Tech Used ----------------- None Achievements -------------- Unlikely Earthworm Challenges ------------ None Game ------ Seed VortexDimensionalSword Manual? 0 Play Time 00:54:38 Cumulative 11.8 hours Start 2025.03.11 @ 19:45:55 End 2025.03.11 @ 20:37:52 Sessions 1 Manual Loads 0 Difficulty Rogue Special Mode None Game No. 13 Rogue 13 Adventurer 0 Explorer 0 Win Type - Total 0 Types 0/0/0/0/0/0/0/0/0 Lore% 11 Gallery% 17 Achievement% 19 Wizard Run 0 Options --------- Layout 1 ASCII 0 Keyboard 0 Movement Mouse Keybinds 0 Fullscreen 1 Font 32/SmallcapsGlow Map View 50x40 Zoom Use 0% Tactical HUD 0 Map Filters NONE Filters NONE Steam 1 RUN: 541e57e2-ab13-4a68-b578-7dd980524216